Map: 亚历山大港 - 天梯版

Players

Bly - Winner!

  • Race: Zerg Zerg

EnDerr

  • Race: Zerg Zerg
  • League: Diamond

Event: WESG 2018 Grand Finals

VOD

Have the link to the VOD?

Description

Time

  • Played on: March 12, 2019, 2:12 a.m.
  • Length: 8:22

All games in this series

Show
View Real Time Build Order
Export as new Build Order

Bly Zerg - Winner!

Build Orders: Hatch First 

Get SALT Encoding   

  12  0:01  Drone  
  13  0:12  Overlord  
  13  0:18  Drone  
  14  0:30  Drone x2  
  16  0:50  Hatchery  
  16  0:53  Drone  
  16  0:55  Drone  
  17  0:59  Drone  
  18  1:10  Extractor  
  17  1:15  Spawning Pool  
  17  1:18  Drone  
  17  1:21  Drone  
  18  1:27  Drone  
  19  1:38  Drone  
  20  1:48  Overlord  
  20  2:02  Queen x2  
  20  2:03  Zergling x4  
  26  2:12  Drone  
  26  2:14  Drone  
  28  2:22  Drone  
  29  2:24  Drone  
  30  2:32  Drone  
  31  2:37  Overlord, Queen  
  33  2:47  Drone  
  33  2:48  Lair, Drone  
  35  2:54  Drone  
  36  2:58  Evolution Chamber  
  36  3:04  Drone  
  34  3:08  Drone x2  
  36  3:16  Roach Warren  
  36  3:17  Drone  
  36  3:18  Drone x3  
  39  3:23  Overlord  
  39  3:30  Evolution Chamber  
  38  3:35  Roach Warren  
  38  3:38  Drone x3  
  38  3:39  Drone  
  41  3:42  Zerg Missile Weapons Level 1  
  41  3:55  Evolution Chamber  
  40  3:56  Roach x3  
  40  3:57  Extractor  
  40  3:59  Extractor  
  40  4:01  Roach  
  40  4:02  Roach  
  48  4:04  Roach  
  50  4:12  Evolution Chamber  
  50  4:13  Drone x2  
  52  4:20  Overlord  
  52  4:22  Glial Reconstitution  
  52  4:23  Overlord  
  52  4:24  Overlord  
  53  4:32  Overlord  
  53  4:36  Overlord  
  53  4:45  Drone x5  
  58  4:49  Drone x2  
  58  4:50  Drone  
  61  4:55  Drone x2  
  63  5:08  Hatchery  
  63  5:11  Roach x2  
  66  5:16  Drone, Extractor  
  66  5:18  Overlord  
  66  5:25  Roach x3  
  73  5:35  Hatchery  
  73  5:38  Roach x5  
  73  5:42  Zerg Missile Weapons Level 2  
  82  5:48  Drone  
  83  5:54  Spire  
  82  5:58  Overlord, Drone  
  82  6:02  Roach x2  
  87  6:13  Roach x4  
  95  6:23  Roach x4  
  95  6:24  Overseer  
  103  6:32  Roach x2  
  107  6:35  Overlord x2  
  107  6:57  Roach x8  
  123  7:08  Overlord  
  119  7:21  Roach x5  
  119  7:22  Roach x4  
  121  7:32  Roach  
  121  7:33  Roach x3  
  125  7:44  Roach x6  
  125  7:55  Roach  
  125  7:56  Roach x3  
Show
View Real Time Build Order
Export as new Build Order

EnDerr Zerg 

Build Orders: Hatch First 

Get SALT Encoding   

  12  0:00  Drone  
  13  0:13  Overlord  
  13  0:17  Drone  
  14  0:31  Drone x2  
  16  0:37  Drone  
  17  0:55  Hatchery  
  16  1:00  Drone  
  16  1:01  Drone  
  18  1:13  Extractor  
  17  1:18  Spawning Pool  
  17  1:22  Drone  
  17  1:26  Drone  
  17  1:30  Drone  
  19  1:42  Overlord  
  19  1:51  Drone  
  20  2:05  Queen  
  20  2:06  Zergling x2  
  20  2:07  Queen  
  25  2:10  Zergling x2  
  26  2:16  Metabolic Boost  
  26  2:20  Drone  
  27  2:23  Drone  
  27  2:26  Drone  
  29  2:34  Drone  
  29  2:35  Drone  
  31  2:47  Overlord  
  30  3:08  Zergling x10  
  35  3:13  Zergling x8  
  35  3:16  Overlord  
  39  3:21  Zergling x6  
  42  3:31  Overlord  
  42  3:41  Drone  
  42  3:46  Drone x2  
  44  3:48  Drone  
  44  3:51  Hatchery, Drone  
  44  3:55  Drone  
  45  3:58  Drone  
  43  4:04  Evolution Chamber  
  43  4:06  Drone x2  
  43  4:11  Drone x2  
  45  4:19  Drone x3  
  45  4:20  Drone  
  49  4:27  Roach Warren  
  48  4:32  Zerg Missile Weapons Level 1  
  48  4:34  Extractor  
  48  4:36  Drone x2  
  48  4:38  Overlord  
  49  4:50  Overlord  
  49  4:51  Lair  
  49  4:54  Overlord  
  49  5:06  Roach  
  63  5:07  Roach x6  
  63  5:09  Roach  
  63  5:12  Roach  
  67  5:17  Roach x2  
  71  5:23  Overlord  
  71  5:27  Drone x3  
  71  5:28  Drone  
  73  5:38  Queen  
  73  5:39  Drone  
  73  5:41  Drone x2  
  73  5:42  Extractor  
  77  5:44  Drone x2  
  77  5:45  Drone  
  77  5:49  Overseer  
  80  5:50  Glial Reconstitution  
  80  5:53  Roach  
  80  5:55  Roach  
  84  5:59  Overlord  
  84  6:01  Roach  
  85  6:04  Roach x2  
  85  6:08  Roach  
  85  6:10  Roach  
  93  6:13  Roach  
  93  6:15  Roach  
  97  6:19  Roach x2  
  97  6:21  Overlord  
  97  6:25  Overlord  
  101  6:32  Overlord  
  101  6:33  Extractor  
  100  6:41  Drone x3  
  100  6:42  Drone x3  
  106  6:50  Overlord x2  
  106  6:54  Drone x4  
  106  6:55  Drone  
  111  7:04  Queen  
  111  7:05  Queen  
  111  7:07  Roach x2  
  113  7:15  Roach  
  113  7:19  Roach x3  
  113  7:22  Roach x2  
  110  7:23  Roach x2  
  110  7:25  Roach  
  110  7:28  Roach  
  103  7:31  Roach  
  103  7:32  Roach  
  90  7:37  Roach  
  90  7:38  Roach  
  90  7:41  Roach  
  90  7:43  Roach  
  88  7:46  Roach  
  88  7:49  Roach  
  81  7:57  Roach  
  81  7:58  Roach  
  81  7:59  Roach  
  81  8:02  Roach  
Tags
 
Add a new tag
Caveats
  • Supply blocks, unpowered buildings, or Contaminate may cause inaccurate times.
  • Supply counts are checked every 10 seconds.